 Dungeon Crawl Stone Soup version 0.28.0 (webtiles) character file.

Game seed: 15488999846764477715

158 Akaron the Firebug (level 5, -10/31 HPs)
             Began as an Octopode Fire Elementalist on Feb 13, 2022.
             Mangled by Menkaure (18 damage)
             ... in an ossuary.
             The game lasted 00:11:04 (4004 turns).

Akaron the Firebug (Octopode Fire Elementalist)     Turns: 4004, Time: 00:11:05

Health: -10/31     AC:  1    Str:  8    XL:     5   Next: 40%
Magic:  0/10       EV: 13    Int: 19    God:
Gold:   94         SH:  0    Dex: 12    Spells: 0/10 levels left

rFire   + . .      SeeInvis .   c - staff of death
rCold   . . .      Faith    .   (no shield)
rNeg    + . .      Spirit   .   (helmet restricted)
rPois   .          Reflect  .   (no amulet)
rElec   .          Harm     .   e - ring of protection from fire
rCorr   .          Rampage  .   (no ring)
Will    .....                   (no ring)
Stlth   +++.......              (no ring)
HPRegen 0.10/turn               (no ring)
MPRegen 0.12/turn               (no ring)
                                (no ring)
                                (no ring)

@: no status effects
A: almost no armour, amphibious, 8 rings, camouflage 1, gelatinous body 1,
(nimble swimmer 1), tentacles
a: no special abilities


You were in an ossuary.
You visited 1 branch of the dungeon, and saw 4 of its levels.
You also visited: Ossuary.

You collected 94 gold pieces.

Inventory:

Magical Staves
 c - a staff of death (weapon)
Jewellery
 e - a ring of protection from fire (left tentacle)
Scrolls
 a - 2 scrolls of fear {unknown}
 b - a scroll of magic mapping {unknown}
 g - 2 scrolls of teleportation
Potions
 d - a potion of curing {unknown}
 f - a potion of ambrosia {unknown}
 h - a potion of degeneration {unknown}
 i - 2 potions of magic {unknown}
 j - a potion of brilliance {unknown}


   Skills:
 + Level 0.1 Fighting
 + Level 2.2 Dodging
 + Level 3.1 Stealth
 + Level 3.3 Spellcasting
 + Level 1.4 Conjurations
 + Level 4.6 Fire Magic


You couldn't memorise any spells.
You knew the following spells:

 Your Spells              Type           Power      Damage    Failure   Level
a - Foxfire               Conj/Fire      56%        2x1d6     4%          1
b - Scorch                Fire           40%        2d7       3%          2
c - Conjure Flame         Conj/Fire      14%        6-21      13%         3
d - Flame Wave            Conj/Fire      14%        2d6       38%         4

Your spell library contained the following spells:

 Spells                   Type           Power      Damage    Failure   Level
 Inner Flame              Hex/Fire       11%        N/A       17%         3
 Corpse Rot               Necr/Air       8%         N/A       22%         2
 Poisonous Vapours        Pois/Air       6%         N/A       22%         2
 Sublimation of Blood     Necr           4%         N/A       22%         2
 Wereblood                Tmut           3%         N/A       22%         2
 Dazzling Flash           Conj/Hex       10%        N/A       32%         3
 Iskenderun's Mystic Bla  Conj/Tloc      5%         2d3       73%         4
 Agony                    Necr           4%         N/A       99%         5
 Silence                  Hex/Air        1%         N/A       99%         5
 Starburst                Conj/Fire      7%         6d4       100%        6
 Summon Hydra             Summ           1%         N/A       100%        7


Dungeon Overview and Level Annotations

Branches:
Dungeon (4/15)            Ossuary (1/1)
 Temple: D:4-7

Altars:

Annotations:
Ossuary Menkaure


Innate Abilities, Weirdness & Mutations

You cannot wear most types of armour.
You are amphibious.
You can wear up to eight rings at the same time.
Your skin changes colour to match your surroundings (Stealth+).
Your rubbery body absorbs attacks. (AC +1, EV +1)
((You are camouflaged when in or above water. (Stealth+)))
You have tentacles for arms and can constrict up to eight enemies at once.


Message History

Confirm with . or Enter, or press ? or * to list all spells.
You conjure some foxfire!
The foxfire hits Menkaure but does no damage.
Menkaure is heavily damaged.
The foxfire hits Menkaure.
Menkaure is heavily damaged.
Casting: Foxfire (safe; 4% risk of failure)
Confirm with . or Enter, or press ? or * to list all spells.
You conjure some foxfire!
The foxfire hits Menkaure but does no damage.
Menkaure is heavily damaged.
The foxfire hits Menkaure.
Menkaure is burned terribly!
Menkaure is severely damaged.
Casting: Foxfire (safe; 4% risk of failure)
Confirm with . or Enter, or press ? or * to list all spells.
Flames lash Menkaure.
Menkaure is burned terribly!
Menkaure is severely damaged.
Menkaure's fire resistance burns away.
Menkaure gestures at you while chanting.
You barely resist.
Casting: Scorch (safe; 3% risk of failure)
Confirm with . or Enter, or press ? or * to list all spells.
You conjure some foxfire!
Menkaure breathes soot at you. Menkaure misses you.
Okay, then.
The sentinel's mark upon you fades away.
The foxfire hits Menkaure but does no damage.
Menkaure is severely damaged.
The foxfire hits Menkaure.
Menkaure is burned terribly!
Menkaure is almost destroyed.
Menkaure calls on the powers of darkness!
Your body is wracked with pain!
* * * LOW HITPOINT WARNING * * *
Menkaure is no longer more vulnerable to fire.
Casting: Foxfire (safe; 4% risk of failure)
Confirm with . or Enter, or press ? or * to list all spells.
You conjure some foxfire!
Menkaure hits you!!
Ouch! That really hurt!
You die...

###### ##....##
##..##..##
##..####..##
##..######..##
##..##....##..##
##..##..##..##..##
##..##v.####..##..##
##..##v@##
##..##..##
##..##.M##
##..##..##
##..##..##
##..##..##
##..##..## ##..##^.#
##..##..## ##..##..
##..##..## ##..##.
##..##..## ##..##
##..##..## ##..#
##..##..## ##..


You could see Menkaure (fast, ally target).

Vanquished Creatures
  2 hound skeletons (D:4)
  5 adders (D:2)
  A worm (D:2)
  2 dart slugs
  3 ball pythons (D:1)
  4 endoplasms
  2 giant cockroaches
  4 gnoll zombies (Ossuary)
  6 hobgoblins
  7 kobolds
  3 quokkas
  2 bats (D:2)
  2 frilled lizards
  3 gnoll skeletons (Ossuary)
  6 goblins
  5 goblin skeletons (Ossuary)
  4 goblin zombies (Ossuary)
  4 hobgoblin skeletons (Ossuary)
  4 hobgoblin zombies (Ossuary)
  2 kobold skeletons (Ossuary)
  2 kobold zombies (Ossuary)
  2 orc skeletons (Ossuary)
  4 orc zombies (Ossuary)
  5 rats
  3 rat skeletons (Ossuary)
  2 rat zombies (Ossuary)
89 creatures vanquished.

Vanquished Creatures (others)
  253 foxfires
253 creatures vanquished.

Grand Total: 342 creatures vanquished

Notes
Turn   | Place    | Note
-------+----------+-------------------------------------------
     0 | D:1      | Akaron the Octopode Fire Elementalist began the quest for
                  | the Orb.
     0 | D:1      | Reached XP level 1. HP: 11/11 MP: 3/3
   726 | D:1      | Reached XP level 2. HP: 13/17 MP: 1/5
   730 | D:1      | Learned a level 2 spell: Scorch
  1566 | D:2      | Reached XP level 3. HP: 21/21 MP: 3/6
  1793 | D:2      | Learned a level 3 spell: Conjure Flame
  1985 | D:2      | Reached XP level 4. HP: 27/27 MP: 5/8
  2300 | D:2      | Found a faded altar of an unknown god.
  2536 | D:2      | Reached skill level 4 in Fire Magic
  2807 | D:4      | Reached XP level 5. HP: 25/31 MP: 5/9
  2812 | D:4      | Learned a level 4 spell: Flame Wave
  2907 | D:4      | Found a sand-covered staircase.
  2911 | Ossuary  | Entered an ossuary
  3966 | Ossuary  | Noticed Menkaure
  4004 | Ossuary  | Mangled by Menkaure

Illustrated notes

Levels and vault maps discovered:
D:1:      roderic_chinese_lattice_arrival, layout_loops_corners,
          minmay_tetromino_s2
D:2:      layout_rooms, dilly_ecumenical_altar_fadedgnrine,
          minmay_parallelograms, minmay_mini_jars
D:3:      layout_basic, serial_shops, shop
D:4:      old_forge, layout_cave_pods, enter_ossuary_5
Ossuary:  ossuary_due_pyramid

Skill      XL: |  1  2  3  4 |
---------------+-------------+-----
Stealth        | 3 |  3.1
Spellcasting   | 3 |  3.3
Fire Magic     | 4 |  4.6
Fighting       | |  0.1
Dodging        | |  2.2
Conjurations   | |  1.4

Action                   |  1- 3 |  4- 6 || total
-------------------------+-------+-------++-------
Melee: Staff             |     3 |     4 ||     7
       Tentacles         |     1 |     2 ||     3
       Constrict         |       |     1 ||     1
 Cast: Foxfire           |    51 |    90 ||   141
       Scorch            |     2 |    23 ||    25
  Use: Scroll            |       |     1 ||     1
Armor: Skin              |     1 |     1 ||     2
Dodge: Dodged            |    17 |    18 ||    35
